 Dungeon Crawl Stone Soup version 0.29.1 (webtiles) character file.

Game seed: 1422494613157706995

91 qw the Chopper (level 4, -2/58 HPs)
             Began as a Minotaur Berserker on Sept 13, 2022.
             Was a Believer of Trog.
             Succumbed to a water moccasin's poison
             ... on level 4 of the Dungeon.
             The game lasted 00:00:54 (2591 turns).

qw the Chopper (Minotaur Berserker)                 Turns: 2591, Time: 00:00:55

Health: -2/58      AC:  8    Str: 24    XL:     4   Next: 33%
Magic:  3/3        EV:  8    Int:  4    God:    Trog [**....]
Gold:   175        SH:  0    Dex:  9    Spells: 3/3 levels left

rFire   . . .      SeeInvis .   Y - +0 war axe
rCold   . . .      Faith    .   (no shield)
rNeg    . . .      Spirit   .   b - +0 chain mail
rPois   .          Reflect  .   (helmet restricted)
rElec   .          Harm     .   (no cloak)
rCorr   .          Rampage  .   (no gloves)
Will    .....                   (no boots)
Stlth   ..........              (no amulet)
HPRegen 0.19/turn               (no ring)
MPRegen 0.08/turn               (no ring)

@: berserking, lethally poisoned (-2 -> -47), very quick
A: horns 2, retaliatory headbutt
a: Renounce Religion, Berserk, Trog's Hand


You were on level 4 of the Dungeon.
You worshipped Trog.
Trog was pleased with you.
You visited 1 branch of the dungeon, and saw 4 of its levels.

You collected 175 gold pieces.


Innate Abilities, Weirdness & Mutations

You have a pair of horns on your head.
You reflexively headbutt those who attack you in melee.


   Skills:
 - Level 3.6 Fighting
 + Level 6.3 Axes
 - Level 2.4 Armour
 - Level 2.1 Dodging


You had 3 spell levels left.
You didn't know any spells.
Your spell library was empty.

Inventory:

Hand Weapons
 e - a +0 mace
 Y - a +0 war axe (weapon)
Armour
 b - a +0 chain mail (worn)
Scrolls
 l - a scroll of identify
Potions
 a - a potion of ambrosia {unknown}
 c - a potion of degeneration {unknown}
 d - 2 potions of curing
 f - a potion of mutation {unknown}
 h - a potion of heal wounds {unknown}
 i - a potion of flight {unknown}
 j - a potion of attraction {unknown}
 k - a potion of invisibility {unknown}
 m - a potion of might {unknown}

Dungeon Overview and Level Annotations

Branches:
Dungeon (4/15)
 Temple: D:4-7

Altars:
Ashenzari
Cheibriados
Gozag
Hepliaklqana
Uskayaw
Wu Jian
Yredelemnul
Zin


Message History

You kill the kobold!
Trog accepts your kill.
You start resting.
HP restored.
You see here a +0 quarterstaff.
You see here a +2 barding.
You now have 175 gold pieces (gained 12).
An adder comes into view.
The adder hisses angrily.
The adder barely misses you. You furiously retaliate!
You headbutt the adder! You miss the adder.
The adder is almost dead.
The adder closely misses you. You furiously retaliate!
You headbutt the adder.
You kill the adder!
Trog accepts your kill.
You see here an adder corpse.
Found a +0 whip.
Found an ornate altar of the Wu Jian Council.
A water moccasin comes into view.
The water moccasin hisses angrily.
You closely miss the water moccasin. The water moccasin bites you!
You are poisoned.
The water moccasin poisons you! The water moccasin bites you.
You are more poisoned.
The water moccasin poisons you!
You barely miss the water moccasin.
You feel extremely sick. The water moccasin bites you.
You are more poisoned.
The water moccasin poisons you!
You closely miss the water moccasin.
You feel extremely sick. The water moccasin bites you. x2
You are more poisoned.
The water moccasin poisons you!
2591 ||| INVOKING Berserk.
A red film seems to cover your vision as you go berserk!
You feel yourself moving faster!
You feel mighty!
You die...

# #.......PPPPPPP...
#.#.#...PP.......# .
#......P.......# # ...
###..^PP..PPPP.# ..
.....###...PP..P....#...
.......%...PP..P._......
.....###.......P........
...#..................#
. ########.####@###.##
#.# #.S...# #.# #####.#
#)# #.# #.# #.# ..#


You could see a water moccasin.

Vanquished Creatures
  3 adders
  A worm (D:2)
  2 dart slugs (D:1)
  4 bats
  2 endoplasms
  4 giant cockroaches
  4 goblins
  6 hobgoblins
  5 jackals
  3 quokkas
  4 ball pythons
  2 frilled lizards
  6 kobolds
  5 rats
51 creatures vanquished.

Vanquished Creatures (others)
  A plant (D:4)
  4 toadstools (D:1)
5 creatures vanquished.

Grand Total: 56 creatures vanquished

Notes
Turn   | Place    | Note
-------+----------+-------------------------------------------
     0 | D:1      | qw the Minotaur Berserker began the quest for the Orb.
     0 | D:1      | Reached XP level 1. HP: 19/19 MP: 0/0
     0 | D:1      | 0 ||| qw: Version: 0.1-a-119-g272c26d
     0 | D:1      | 0 ||| qw: Game counter: 11191
     0 | D:1      | 0 ||| qw: Always use a shield: true
     0 | D:1      | 0 ||| qw: Do Orc after D:15 true
     0 | D:1      | 0 ||| qw: Do second Lair branch before Depths: true
     0 | D:1      | 0 ||| qw: Lair rune preference: random
     0 | D:1      | 0 ||| qw: Plans: Normal
     0 | D:1      | 0 ||| PLANNING D:1-11
    11 | D:1      | 11 ||| Stepping ~*~*~tactically~*~*~ (stealth).
    17 | D:1      | 17 ||| INVOKING Berserk.
    24 | D:1      | Reached skill level 4 in Axes
   410 | D:1      | Reached XP level 2. HP: 25/26 MP: 1/1
   646 | D:1      | 646 ||| Stepping ~*~*~tactically~*~*~ (stealth).
   649 | D:1      | 649 ||| Stepping ~*~*~tactically~*~*~ (stealth).
   729 | D:1      | 729 ||| UPGRADING to +0 scale mail.
   739 | D:1      | 739 ||| DROPPING +0 animal skin.
   740 | D:1      | 740 ||| READING 2 scrolls labelled MUOTAP UWUGOHIJANN.
   743 | D:1      | 743 ||| READING scroll labelled FUDEROS BULU.
   744 | D:1      | 744 ||| READING 3 scrolls labelled VOEVIV NOET.
   745 | D:1      | 745 ||| DRINKING 2 amethyst potions.
   746 | D:1      | 746 ||| DROPPING 2 scrolls of poison.
   747 | D:1      | 747 ||| READING scroll of teleportation.
   762 | D:2      | 762 ||| STAIRDANCE
   787 | D:2      | 787 ||| STAIRDANCE
   790 | D:1      | Reached skill level 5 in Axes
   792 | D:2      | 792 ||| STAIRDANCE
   884 | D:2      | Reached XP level 3. HP: 25/31 MP: 2/2
  1098 | D:2      | Found a faded altar of an unknown god.
  1106 | D:2      | 1106 ||| INVOKING Berserk.
  1229 | D:2      | 1229 ||| FLEEEEING.
  1235 | D:2      | 1235 ||| STAIRDANCE
  1266 | D:1      | 1266 ||| UPGRADING to +0 chain mail.
  1276 | D:1      | 1276 ||| DROPPING +0 scale mail.
  1277 | D:1      | 1277 ||| READING 2 scrolls labelled LIVOICZI OVUI.
  1278 | D:1      | 1278 ||| READING scroll labelled SOVVUE JOBBA.
  1279 | D:1      | 1279 ||| DROPPING scroll of summoning.
  1533 | D:2      | 1533 ||| Stepping ~*~*~tactically~*~*~ (stealth).
  1617 | D:2      | Reached skill level 6 in Axes
  1617 | D:2      | Reached XP level 4. HP: 39/39 MP: 3/3
  1928 | D:3      | Found a snail-covered altar of Cheibriados.
  1929 | D:3      | 1929 ||| SWAPPING to +0 war axe.
  1930 | D:3      | 1930 ||| DROPPING +0 hand axe.
  2025 | D:3      | 2025 ||| Stepping ~*~*~tactically~*~*~ (stealth).
  2026 | D:3      | 2026 ||| Stepping ~*~*~tactically~*~*~ (stealth).
  2045 | D:3      | Reached ** piety under Trog
  2056 | D:3      | Found a basalt altar of Yredelemnul.
  2120 | D:3      | Found a hide-covered altar of Uskayaw.
  2254 | D:3      | Found an opulent altar of Gozag.
  2254 | D:3      | Found a glowing silver altar of Zin.
  2312 | D:3      | Found a hazy altar of Hepliaklqana.
  2438 | D:3      | 2438 ||| READING scroll labelled BEEGRU MYINGO.
  2482 | D:4      | Found a broken altar of Ashenzari.
  2578 | D:4      | Found an ornate altar of the Wu Jian Council.
  2586 | D:4      | Noticed a water moccasin
  2590 | D:4      | HP: 6/39 [water moccasin (6)]
  2591 | D:4      | 2591 ||| INVOKING Berserk.
  2591 | D:4      | Succumbed to a water moccasin's poison

Levels and vault maps discovered:
D:1:      ldierk_walled_garden_2, layout_rooms
D:2:      layout_basic, chequers_ecumenical_altar_simple_redux
D:3:      layout_rooms, grunt_temple_overflow_gold_and_silver,
          mainiacjoe_overflow_brackets, mainiacjoe_overflow_cross_hatched,
          nzn_hepliaklqana_mist_gate, nicolae_uskayaw_suspiria
D:4:      layout_loops_corners, mainiacjoe_overflow_chevrons,
          ashenzari_conservatory_becter, minmay_misc_feat_encased,
          minmay_hollow_rounded_squares, uniq_robin, uniq_natasha

Skill      XL: |  1  2  3 |
---------------+----------+-----
Axes           | 4 5 6 |  6.3
Fighting       | |  3.6
Armour         | |  2.4
Dodging        | |  2.1

Action                   |  1- 3 |  4- 6 || total
-------------------------+-------+-------++-------
Melee: Hand axe          |   102 |     2 ||   104
       Headbutt          |     8 |     6 ||    14
       War axe           |       |    34 ||    34
Invok: Berserk           |     2 |     1 ||     3
  Use: Scroll            |     6 |     1 ||     7
       Potion            |     1 |       ||     1
Armor: Scale mail        |    15 |       ||    15
       Animal skin       |     3 |       ||     3
       Chain mail        |     8 |    12 ||    20
Dodge: Dodged            |    53 |    11 ||    64

Table legend:
 A = Non-vault XP
 B = Vault XP
 C = Vault XP percentage of total XP
 D = Non-vault monster count
 E = Vault monster count
 F = Vault count percentage of total count
                 A         B        C        D         E       F
            +---------+---------+-------+---------+---------+-------
      Total |     130 |       0 |   0.0 |      51 |       0 |   0.0
            +---------+---------+-------+---------+---------+-------
        D:1 |      37 |       0 |   0.0 |      18 |       0 |   0.0
        D:2 |      63 |       0 |   0.0 |      21 |       0 |   0.0
        D:3 |      14 |       0 |   0.0 |       9 |       0 |   0.0
        D:4 |      16 |       0 |   0.0 |       3 |       0 |   0.0
            +---------+---------+-------+---------+---------+-------
